 Dungeon Crawl Stone Soup version 0.26.1-2-gb8aa6d0cf2 (webtiles) character file.

Game seed: 4090359676124050405

179603 MalarOregon the Zephyrmancer (level 18, -11/122 HPs)
             Began as a Halfling Air Elementalist on Mar 28, 2021.
             Was the Champion of Nemelex Xobeh.
             Killed from afar by a nagaraja (37 damage)
             ... with a lance of force
             ... on level 4 of the Snake Pit.
             The game lasted 02:04:10 (52079 turns).

MalarOregon the Zephyrmancer (HaAE)                Turns: 52079, Time: 02:04:10

Health: -11/122    AC: 31    Str: 17    XL:     18   Next: 92%
Magic:  31/31      EV: 17    Int: 20    God:    Nemelex Xobeh [******]
Gold:   1193       SH: 11    Dex: 11    Spells: 22/35 levels left

rFire    + + .     SeeInvis .   a - +3 scimitar (elec)
rCold    . . .     Faith    .   R - +0 buckler
rNeg     . . .     Spirit   .   c - quicksilver dragon scales
rPois    +         Reflect  +   B - +1 helmet
rElec    .         Harm     .   K - +2 cloak {Will+}
rCorr    .         Rampage  .   s - +2 pair of gloves
Will     +++..                  Q - +2 pair of boots
Stlth    +.........             y - amulet of reflection
HPRegen  0.30/turn              S - ring "Oriog" {AC+4 Str+3 Int+2 Dex-2}
MPRegen  0.22/turn              A - ring "Xemucipp" {rPois rF++ Str+4 Dex-4}

@: lethally poisoned (-11 -> -19), about to teleport, constricted
A: small, mutation resistance 1
a: Renounce Religion, Draw Escape, Draw Destruction, Draw Summoning, Triple
Draw, Deal Four, Stack Five


You were on level 4 of the Snake Pit.
You worshipped Nemelex Xobeh.
Nemelex Xobeh was exalted by your worship.
You visited 4 branches of the dungeon, and saw 27 of its levels.
You visited 1 bazaar.
You also visited: Sewer, Gauntlet and Ice Cave.

You collected 4032 gold pieces.
You spent 2839 gold pieces at shops.

Inventory:

Hand Weapons
 a - a +3 scimitar of electrocution (weapon)
   (You took it off a naga on level 3 of the Snake Pit)
 b - a +3 scimitar of flaming
   (You took it off an efreet in a Gauntlet)
Missiles
 H - 7 curare-tipped darts {!f}
 O - 3 throwing nets {!f}
Armour
 c - quicksilver dragon scales (worn)
   (You found it on level 1 of the Dungeon)
 p - a +1 cloak
   (You found it on level 2 of the Snake Pit)
 s - a +2 pair of gloves (worn)
   (You found it in a sewer)
 B - a +1 helmet (worn)
   (You found it on level 6 of the Lair of Beasts)
 K - a +2 cloak of willpower (worn)
   (You bought it in a shop on level 2 of the Orcish Mines)
 Q - a +2 pair of boots (worn)
   (You bought it in a shop on level 2 of the Orcish Mines)
 R - a +0 buckler (worn)
   (You found it on level 3 of the Lair of Beasts)
Jewellery
 e - an uncursed amulet of regeneration
   (You found it on level 10 of the Dungeon)
 j - an uncursed ring of positive energy
   (You found it on level 1 of the Snake Pit)
 n - an uncursed ring of resist corrosion
   (You found it on level 3 of the Dungeon)
 o - an uncursed ring of protection from cold
   (You found it on level 10 of the Dungeon)
 y - an amulet of reflection (around neck)
   (You took it off a minotaur in a Gauntlet)
 A - the ring "Xemucipp" (right hand) {rPois rF++ Str+4 Dex-4}
   (You found it in a Gauntlet)

   [ring of poison resistance]

   It affects your strength (+4).
   It affects your dexterity (-4).
   It greatly protects you from fire.
   It protects you from poison.
 G - the ring "Lanajus" {Ice Will+}
   (You found it in a Gauntlet)

   [ring of ice]

   It enhances your ice magic.
   It makes you vulnerable to fire.
   It protects you from cold.
   It affects your willpower, your defense against some magical effects.
 S - the ring "Oriog" (left hand) {AC+4 Str+3 Int+2 Dex-2}
   (You found it on level 4 of the Lair of Beasts)

   [ring of protection]

   It affects your AC (+4).
   It affects your strength (+3).
   It affects your intelligence (+2).
   It affects your dexterity (-2).
Wands
 d - a wand of iceblast (21)
   (You found it in a Gauntlet)
 t - a wand of flame (56)
   (You found it on level 5 of the Dungeon)
 u - a wand of paralysis (18)
   (You found it on level 8 of the Dungeon)
 v - a wand of digging (10)
   (You found it on level 12 of the Dungeon)
 x - a wand of acid (4)
   (You found it on level 1 of the Snake Pit)
 E - a wand of enslavement (2)
   (You took it off a naga sharpshooter on level 2 of the Snake Pit)
 U - a wand of polymorph (18)
   (You found it on level 11 of the Dungeon)
Scrolls
 f - 3 scrolls of identify {@r1}
 m - 4 scrolls of blinking
 r - 6 scrolls of immolation {!r}
 w - 21 scrolls of remove curse {@r2}
 C - 4 scrolls of fog
 F - a scroll of fear
 M - 7 scrolls of amnesia
 P - 11 scrolls of teleportation {@r4}
 Y - a scroll of summoning
Potions
 g - 16 potions of curing {@q1}
 h - 3 potions of haste {@q3}
 i - 6 potions of magic
 k - 2 potions of heal wounds {@q2}
 l - 2 potions of mutation {!q}
 q - 7 potions of might
 D - 2 potions of ambrosia
 J - a potion of berserk rage
 L - 2 potions of resistance
 N - 4 potions of flight
 W - 2 potions of invisibility
 X - 2 potions of brilliance
 Z - 7 potions of lignification {!q}
Miscellaneous
 z - a condenser vane
   (You found it in a Gauntlet)
 I - a phial of floods
   (You found it on level 9 of the Dungeon)
 T - a box of beasts
   (You found it on level 11 of the Dungeon)


   Skills:
 + Level 10.9 Fighting
 * Level 13.2 Long Blades
 + Level 12.5 Armour
 + Level 12.7 Dodging
 - Level 2.1 Stealth
 - Level 5.6 Shields
 + Level 9.3 Spellcasting
 - Level 0.7 Conjurations
 + Level 14.1 Air Magic
 + Level 9.4 Invocations
 + Level 8.8 Evocations


You had 22 spell levels left.
You knew the following spells:

 Your Spells              Type           Power        Failure   Level
a - Airstrike             Air            30%          1%          4
b - Tornado               Air            30%          100%        9

Your spell library contained the following spells:

 Spells                   Type           Power        Failure   Level
 Shock                    Conj/Air       100%         1%          1
 Swiftness                Air            60%          1%          2
 Static Discharge         Conj/Air       39%          1%          3
 Magic Dart               Conj           48%          9%          1
 Foxfire                  Conj/Fire      40%          10%         1
 Animate Skeleton         Necr           18%          12%         1
 Freeze                   Ice            36%          12%         1
 Sandblast                Erth           18%          12%         1
 Searing Ray              Conj           24%          13%         2
 Lightning Bolt           Conj/Air       19%          16%         5
 Ensorcelled Hibernation  Hex/Ice        18%          17%         2
 Passwall                 Tmut/Erth      7%           17%         2
 Conjure Flame            Conj/Fire      10%          30%         3
 Dazzling Flash           Conj/Hex       20%          30%         3
 Stone Arrow              Conj/Erth      20%          30%         3
 Confusing Touch          Hex            9%           34%         3
 Frozen Ramparts          Ice            18%          34%         3
 Gell's Gravitas          Tloc           4%           34%         3
 Inner Flame              Hex/Fire       9%           34%         3
 Ozocubu's Armour         Ice            9%           34%         3
 Portal Projectile        Hex/Tloc       18%          34%         3
 Fulminant Prism          Conj/Hex       5%           69%         4
 Hailstorm                Conj/Ice       10%          69%         4
 Iskenderun's Mystic Bla  Conj/Tloc      10%          69%         4
 Sticky Flame             Conj/Fire      10%          69%         4
 Petrify                  Tmut/Erth      9%           75%         4
 Summon Ice Beast         Ice/Summ       9%           75%         4
 Fireball                 Conj/Fire      5%           95%         5
 Irradiate                Conj/Tmut      5%           95%         5
 Bolt of Magma            Conj/Fire/Erth 5%           96%         5
 Lee's Rapid Deconstruct  Erth           4%           97%         5
 Metabolic Englaciation   Hex/Ice        4%           97%         5
 Yara's Violent Unravell  Hex/Tmut       4%           97%         5
 Hydra Form               Tmut           4%           100%        6
 Statue Form              Tmut/Erth      6%           100%        6
 Dragon Form              Tmut           4%           100%        7
 Ignition                 Fire           4%           100%        8
 Shatter                  Erth           4%           100%        9


Dungeon Overview and Level Annotations

Branches:
Dungeon (15/15)            Temple (0/1) D:7            Lair (6/6) D:11
  Swamp (0/4) Lair:4        Snake (4/4) Lair:2        Slime (0/5) Lair:6
    Orc (2/2) D:12            Elf (0/3) Orc:2        Vaults (0/5) D:13
 Depths (0/5) D:15          Sewer (visited)           IceCv (visited)
Gauntlet (visited)

Altars:
Cheibriados
Fedhas
Gozag
Hepliaklqana
Makhleb
Nemelex Xobeh
Ru
Sif Muna
Trog
Wu Jian
The Shining One

Shops:
D:10 ?   Orc:2 (:[**   Snake:1 [   Snake:3 ((   Snake:4 (

Portals:
Trove: D:13 (give +2 shadow dragon scales)

Annotations:
D:2 1 runed translucent door, Crazy Yiuf
D:4 Scroll needing shatter


Innate Abilities, Weirdness & Mutations

You are small and have problems with some larger weapons.
You are somewhat resistant to further mutation.


Message History

The naga shouts! x2
The naga sharpshooter unwields a +0 short sword.
The naga sharpshooter wields a +0 shortbow.
The naga sharpshooter casts a spell.
The naga sharpshooter magically shoots an arrow.
You reflect the arrow off an invisible shield around you!
The guardian serpent coils itself and waves its upper body at you.
The bolt of poison hits you.
You are more poisoned.
You resist.
* * * LOW HITPOINT WARNING * * *
The naga sharpshooter shoots a bolt.
You reflect the bolt off an invisible shield around you!
The bolt hits the naga sharpshooter!
You see here a mace.
Unknown command.
You feel sick.
The naga sharpshooter gestures wildly while chanting.
The naga sharpshooter magically shoots a bolt.
The bolt barely misses you.
A naga comes into view. It is wielding a +0 mace.
You see here a bolt.
You feel sick.
The guardian serpent casts a spell at you.
The naga blinks into view!
The nagaraja blinks!
The naga sharpshooter blinks!
The naga mage blinks! x2; The naga sharpshooter blinks!
The naga sharpshooter shoots a bolt.
You reflect the bolt off an invisible shield around you!
The bolt hits the naga sharpshooter!!
The naga sharpshooter mumbles some strange words.
The naga sharpshooter magically shoots a bolt.
You reflect the bolt off an invisible shield around you!
The naga spits poison at you. The splash of poison misses you.
The naga mage hits you with a +0 spear!
* * * LOW HITPOINT WARNING * * *
The naga mage barely misses you.
You hear a shout!
You see here 2 bolts.
As you read the scroll of teleportation {@r4}, it crumbles to dust.
You feel strangely unstable.
You feel sick.
The naga sharpshooter mumbles some strange words.
The naga sharpshooter magically shoots a bolt.
The bolt hits you!!
* * * LOW HITPOINT WARNING * * *
You block the naga's attack. The naga grabs you. The naga constricts you.
The naga closely misses you. The naga mage closely misses you.
The nagaraja points at you and mumbles some strange words.
The lance of force hits you!!!
You die...
Your body glows with a rainbow of weird colours and disappears.

#........8.∩.8.##...#...##
........#.)<#...#.(.#....#
......###..8#..##...#.....
.....# #....####....#.....
..... ##(..........#.....
<..##. #)########.##.....
...##.# #()## ###...##.
##...##NN.#### ######.
......N@N....# ##.
......NNN....# #..
.......S.....# #..
...$#..§..#.... #..
.......N.....##. #..
#..#..NNN...## #..
##.N..⌠N.N### #..
#.....§NNN #..
...(#...N... #..


You could see 2 naga warriors, 3 nagarajas, 3 naga sharpshooters, a salamander,
a guardian serpent, 4 naga magi and 4 nagas.

Vanquished Creatures
  Saint Roka (Snake:1)
  Rupert (Lair:5)
  Jorgrun (D:13)
  6 nagarajas
  A minotaur (Gauntlet)
  Josephine (D:13)
  9 naga warriors
  14 hydras
  4 catoblepae
  2 ice dragons (IceCv)
  Harold (D:8)
  5 boulder beetles
  2 centaur warriors (D:13)
  8 anacondas
  7 two-headed ogres
  An ogre mage (D:15)
  2 tengu warriors (D:15)
  4 death yaks
  16 naga sharpshooters
  7 shock serpents
  4 orc high priests
  A death drake (D:13)
  2 salamander mystics (Snake:4)
  A flayed ghost (D:9)
  5 unseen horrors
  4 naga ritualists
  A lindwurm (Lair:6)
  A swamp dragon (Snake:3)
  5 mana vipers
  Pikel (D:4)
  An oklob plant (Lair:6)
  An orc knight (Orc:2)
  The ghost of kalagan the Thaumaturge, a novice DECj of Sif Muna (D:10)
  11 ugly things
  2 cyclopes
  A wolf spider (D:15)
  4 manticores (D:13)
  3 orc sorcerers
  3 deep elf magi
  A moth of wrath (Lair:5)
  3 guardian serpents
  A moth of wrath (shapeshifter) (D:15)
  7 salamanders
  A molten gargoyle (Gauntlet)
  2 ice statues (IceCv)
  7 elephants
  3 orange demons (D:13)
  Joseph (D:9)
  13 naga magi
  24 black mambas
  11 cane toads
  6 gargoyles
  A torpor snail (Lair:6)
  7 rime drakes
  Maggie (D:8)
  A demonic crawler (Lair:4)
  An efreet (Gauntlet)
  5 komodo dragons
  A harpy zombie (D:15)
  9 trolls
  A queen bee (Snake:3)
  A jumping spider (D:13)
  7 polar bears
  Grinder (D:4)
  2 tyrant leeches
  6 hornets
  13 blink frogs
  2 slime creatures (D:15)
  A snapping turtle (Lair:5)
  Prince Ribbit (D:6)
  16 dream sheep
  Sigmund (D:2)
  3 shadows
  A water elemental (D:11)
  A vampire (D:14)
  15 spriggans
  8 wyverns
  11 wraiths
  8 fire bats (D:9)
  33 yaks
  5 basilisks
  4 fire elementals
  15 humans (D:13)
  A golden eye (Snake:3)
  Grum (D:9)
  An acid dragon (D:13)
  41 nagas
  4 swamp worms (Lair:4)
  2 wargs (Orc:2)
  A soldier ant (D:13)
  17 water moccasins
  3 hell hounds (Gauntlet)
  Duvessa (D:4)
  20 ice beasts
  A sky beast (D:14)
  3 black bears
  2 phantoms
  27 orc warriors
  2 eyes of draining
  11 ogres
  5 boggarts
  8 centaurs
  42 wolves
  3 lemures (D:4)
  14 bullfrogs
  5 big kobolds
  12 scorpions
  Dowan (D:4)
  A water moccasin skeleton (D:7)
  3 wights (D:12)
  4 electric eels
  3 howler monkeys (D:7)
  4 centaur zombies
  A quasit (D:11)
  3 bullfrog zombies
  3 centaur skeletons
  18 hounds
  9 jellies
  33 orc wizards
  A bullfrog skeleton (D:13)
  22 orc priests
  An iguana (D:9)
  11 worker ants
  A killer bee zombie (D:8)
  A big kobold zombie (Sewer)
  A hound zombie (D:10)
  A hound skeleton (D:3)
  A worker ant zombie (D:6)
  3 gnolls (D:5)
  19 adders
  4 shadow imps (Sewer)
  13 white imps
  4 ufetubi
  An adder skeleton (D:4)
  An adder zombie (D:7)
  3 worms
  4 dart slugs
  6 leopard geckos
  101 orcs
  3 ball pythons
  A bat zombie (Sewer)
  7 giant cockroaches
  6 goblins
  3 hobgoblins
  18 jackals
  4 quokkas
  44 bats
  3 frilled lizards
  A giant cockroach zombie (Sewer)
  40 kobolds
  A kobold zombie (Sewer)
  A leopard gecko skeleton (D:6)
  8 rats
1056 creatures vanquished.

Vanquished Creatures (collateral kills)
  Vashnia (Snake:2)
  An orc warlord (Orc:2)
  A hydra (Lair:6)
  2 orc knights (Orc:2)
  2 orc sorcerers (Orc:2)
  An ugly thing (D:14)
  An elephant (Lair:6)
  A spriggan (Lair:6)
  10 orc warriors (Orc:2)
  2 orc priests (Orc:2)
  4 orc wizards (Orc:2)
  8 orcs (Orc:2)
34 creatures vanquished.

Vanquished Creatures (others)
  An unseen horror (D:13)
  A naga ritualist (Snake:4)
  2 orcs
  65 fungi
  56 plants
125 creatures vanquished.

Grand Total: 1215 creatures vanquished

Notes
Turn   | Place    | Note
-------+----------+-------------------------------------------
     0 | D:1      | MalarOregon the Halfling Air Elementalist began the quest
                  | for the Orb.
     0 | D:1      | Reached XP level 1. HP: 11/11 MP: 3/3
   248 | D:1      | Reached XP level 2. HP: 17/17 MP: 4/4
   639 | D:1      | Reached XP level 3. HP: 19/22 MP: 5/5
   907 | D:1      | Reached skill level 1 in Armour
  1175 | D:2      | You fall into a shaft and drop 1 floor!
  1205 | D:3      | Reached skill level 1 in Fighting
  1205 | D:3      | Reached XP level 4. HP: 18/28 MP: 6/6
  1776 | D:2      | You fall into a shaft and drop 2 floors!
  1777 | D:4      | Noticed a lemure
  1799 | D:4      | Reached skill level 4 in Air Magic
  1799 | D:4      | Reached XP level 5. HP: 27/33 MP: 8/8
  1827 | D:4      | Noticed Grinder
  1995 | D:4      | Found a glowing drain.
  2030 | Sewer    | Entered a sewer
  2444 | Sewer    | Reached XP level 6. HP: 37/37 MP: 9/9
  2646 | Sewer    | Found an ancient bone altar of Kikubaaqudgha.
  3092 | Sewer    | Reached XP level 7. HP: 39/45 MP: 10/10
  3377 | Sewer    | Reached skill level 5 in Air Magic
  3707 | D:4      | Noticed Pikel
  3746 | D:4      | Killed Pikel
  3747 | D:4      | Reached skill level 6 in Air Magic
  3747 | D:4      | Reached XP level 8. HP: 52/52 MP: 10/12
  3814 | D:4      | Noticed Dowan
  4109 | D:2      | Noticed Sigmund
  4124 | D:2      | Killed Sigmund
  4511 | D:2      | Found a runed translucent door.
  4512 | D:2      | Noticed Crazy Yiuf
  5283 | D:3      | You fall into a shaft and drop 1 floor!
  5572 | D:4      | Noticed Duvessa
  5741 | D:4      | Killed Dowan
  5776 | D:4      | Killed Duvessa
  5777 | D:4      | Reached XP level 9. HP: 39/58 MP: 14/14
  5879 | D:4      | Learned a level 4 spell: Airstrike
  5910 | D:4      | Killed Grinder
  5911 | D:4      | Reached skill level 5 in Dodging
  5911 | D:4      | Reached skill level 7 in Air Magic
  6092 | D:5      | Entered Level 5 of the Dungeon
  6463 | D:5      | Reached skill level 5 in Armour
  7115 | D:5      | Found a sparkling altar of Nemelex Xobeh.
  7177 | D:5      | Became a worshipper of Nemelex Xobeh the Trickster
  7675 | D:6      | Reached skill level 8 in Air Magic
  7871 | D:6      | Noticed Prince Ribbit
  7899 | D:6      | Killed Prince Ribbit
  7900 | D:6      | Reached XP level 10. HP: 59/65 MP: 14/16
  8377 | D:7      | Reached skill level 5 in Fighting
  8399 | D:7      | Reached skill level 1 in Long Blades
  9141 | D:7      | Found a staircase to the Ecumenical Temple.
  9180 | D:7      | Noticed a two-headed ogre
  9256 | D:7      | Killed a two-headed ogre
  9257 | D:7      | Reached skill level 9 in Air Magic
  9666 | D:8      | Noticed Maggie
  9681 | D:8      | Killed Maggie
  9795 | D:8      | Found a sacrificial altar of Ru.
  9795 | D:8      | Found a glowing golden altar of the Shining One.
  9796 | D:8      | Found an opulent altar of Gozag.
  9816 | D:8      | Reached * piety under Nemelex Xobeh
  9983 | D:8      | Received a gift from Nemelex Xobeh
 10456 | D:9      | Noticed Harold
 10525 | D:8      | Killed Harold
 10526 | D:8      | Reached XP level 11. HP: 62/72 MP: 4/18
 10708 | D:9      | Noticed Grum
 10738 | D:9      | Reached skill level 5 in Spellcasting
 10859 | D:9      | Killed Grum
 11309 | D:9      | Noticed Joseph
 11335 | D:9      | Killed Joseph
 11484 | D:9      | Found the +5 robe of Misfortune {*Contam Harm *Corrode
                  | *Drain *Slow EV+5}
 11549 | D:9      | Found an opulent altar of Gozag.
 11694 | D:9      | Found a burning altar of Makhleb.
 11717 | D:9      | Got an ichor-stained short sword
 12054 | D:9      | Found a runed translucent door.
 12059 | D:9      | Reached skill level 10 in Air Magic
 12121 | D:9      | Found an ornate altar of the Wu Jian Council.
 12302 | D:9      | Found a snail-covered altar of Cheibriados.
 12360 | D:9      | Found a bloodstained altar of Trog.
 12490 | D:9      | Found a blossoming altar of Fedhas.
 12650 | D:9      | Found a hazy altar of Hepliaklqana.
 12895 | D:9      | Found a blossoming altar of Fedhas.
 13119 | D:9      | Noticed a flayed ghost
 13120 | D:9      | Found the +9 staff of Olgreb {rPois∞}
 13130 | D:9      | Killed a flayed ghost
 13278 | D:10     | Entered Level 10 of the Dungeon
 13453 | D:10     | Got a bloodstained hand axe
 13705 | D:10     | Killed an unseen horror
 14235 | D:10     | Reached ** piety under Nemelex Xobeh
 14250 | D:10     | Found a runed translucent door.
 14254 | D:10     | Noticed kalagan's ghost (novice DECj)
 14254 | D:10     | Noticed a spriggan rider
 14257 | D:10     | Identified the cursed +0 spear "Awazu" {vorpal, Int+5}
 14411 | D:10     | Found Turo's Magic Scroll Shoppe.
 14468 | D:10     | Bought a scroll of identify for 24 gold pieces
 14468 | D:10     | Bought a scroll of identify for 24 gold pieces
 14468 | D:10     | Bought a scroll of remove curse for 36 gold pieces
 14468 | D:10     | Bought a scroll of immolation for 42 gold pieces
 14468 | D:10     | Bought a scroll of remove curse for 36 gold pieces
 14468 | D:10     | Bought a scroll of teleportation for 36 gold pieces
 14468 | D:10     | Bought a scroll of remove curse for 36 gold pieces
 14468 | D:10     | Bought a scroll of teleportation for 36 gold pieces
 14468 | D:10     | Bought a scroll of amnesia for 42 gold pieces
 14468 | D:10     | Bought a scroll of teleportation for 36 gold pieces
 14468 | D:10     | Bought a scroll of magic mapping for 42 gold pieces
 14550 | D:10     | Reached XP level 12. HP: 80/80 MP: 7/20
 14977 | D:10     | Killed kalagan's ghost
 15167 | D:11     | Received a gift from Nemelex Xobeh
 15231 | D:11     | Reached skill level 5 in Long Blades
 15425 | D:11     | Noticed a two-headed ogre
 15566 | D:11     | Killed a two-headed ogre
 15567 | D:11     | Reached skill level 11 in Air Magic
 15850 | D:11     | Found a shimmering blue altar of Sif Muna.
 15869 | D:11     | Identified Sif Muna's Volume of Unholy Arts
 16294 | D:11     | Identified the +0 chain mail of Wacexzarph {rC+ Will+}
 16540 | D:11     | Found a staircase to the Lair.
 17406 | D:12     | Received a gift from Nemelex Xobeh
 17548 | D:12     | Found a staircase to the Orcish Mines.
 18071 | D:12     | Noticed a two-headed ogre
 18076 | D:12     | Killed a two-headed ogre
 18385 | D:12     | Killed an unseen horror
 19260 | D:11     | Identified the +6 short sword of Courage {freeze, Str+4}
                  | (You found it on level 9 of the Dungeon)
 19269 | Lair:1   | Entered Level 1 of the Lair of Beasts
 19546 | Lair:1   | Received a gift from Nemelex Xobeh
 19551 | Lair:1   | Reached *** piety under Nemelex Xobeh
 19655 | Lair:1   | Reached XP level 13. HP: 86/86 MP: 1/22
 19941 | Lair:1   | Reached skill level 1 in Invocations
 20260 | Lair:1   | Reached skill level 1 in Evocations
 20907 | Lair:2   | Received a gift from Nemelex Xobeh
 20914 | Lair:2   | Identified the +4 hand axe of Arbitration {freeze, rPois
                  | Dex+4} (You found it on level 10 of the Dungeon)
 21304 | Lair:2   | Reached **** piety under Nemelex Xobeh
 21427 | Lair:2   | Found a staircase to the Snake Pit.
 21487 | Lair:2   | Noticed a seven-headed hydra
 21503 | Lair:2   | Killed a one-headed hydra
 21681 | Lair:2   | Received a gift from Nemelex Xobeh
 22113 | Lair:3   | Noticed a four-headed hydra
 22173 | Lair:2   | Killed a one-headed hydra
 22534 | Lair:3   | Received a gift from Nemelex Xobeh
 22595 | Lair:3   | Noticed a seven-headed hydra
 22604 | Lair:3   | Killed a six-headed hydra
 22730 | Lair:3   | Reached skill level 12 in Air Magic
 22862 | Lair:3   | Noticed a catoblepas
 22883 | Lair:3   | Killed a catoblepas
 23062 | Lair:4   | Found a frozen archway.
 23190 | IceCv    | Entered an ice cave
 23265 | IceCv    | Reached XP level 14. HP: 94/94 MP: 24/24
 24335 | Lair:4   | Got a shimmering pewter ring
 24477 | Lair:3   | Reached skill level 10 in Dodging
 24970 | Lair:4   | Received a gift from Nemelex Xobeh
 25200 | Lair:4   | Reached skill level 10 in Armour
 25294 | Lair:4   | Identified Mokk's Handbook of Stones and Execration
 25401 | Lair:4   | Found a staircase to the Swamp.
 25883 | Lair:3   | Reached ***** piety under Nemelex Xobeh
 26391 | Lair:3   | Identified the ring "Oriog" {AC+4 Str+3 Int+2 Dex-2} (You
                  | found it on level 4 of the Lair of Beasts)
 26547 | Lair:5   | HP: 2/95 [cane toad (15)]
 26556 | Lair:5   | Reached skill level 1 in Shields
 26792 | Lair:5   | Received a gift from Nemelex Xobeh
 27362 | Lair:5   | Noticed Rupert
 27372 | Lair:5   | Killed Rupert
 27373 | Lair:5   | Reached skill level 5 in Invocations
 27925 | Lair:5   | Reached XP level 15. HP: 100/100 MP: 14/26
 28201 | Lair:6   | Entered Level 6 of the Lair of Beasts
 28201 | Lair:6   | Received a gift from Nemelex Xobeh
 28757 | Lair:6   | Reached skill level 5 in Evocations
 29403 | Lair:6   | Found a staircase to the Slime Pits.
 29822 | Lair:6   | Reached skill level 10 in Long Blades
 29838 | Lair:6   | Reached skill level 5 in Shields
 31457 | Lair:6   | Received a gift from Nemelex Xobeh
 31965 | D:13     | Found a gate to the Vaults.
 31965 | D:13     | Noticed Urug
 32030 | D:13     | Noticed Nessos
 32041 | D:13     | Noticed Nessos
 32041 | D:13     | Nessos changed into Nessos the death drake
 32048 | D:13     | Killed Nessos the death drake
 32152 | D:13     | Got a glimmering hand axe
 32213 | D:13     | Found a portal to a secret trove of treasure.
 32218 | D:13     | Found a flickering gateway to a bazaar.
 32227 | Bazaar   | Entered a bazaar
 32227 | Bazaar   | Found Efufel's Antique Armour Shop.
 32227 | Bazaar   | Found Ahule's Antique Armour Emporium.
 32227 | Bazaar   | Found Qahaam's Jewellery Shop.
 32227 | Bazaar   | Found Dupsiz's Weapon Shoppe.
 32282 | Bazaar   | Found Xomyjok's Jewellery Boutique.
 32282 | Bazaar   | Found Ceystaus's Book Shoppe.
 32301 | Bazaar   | Bought a pair of encrusted boots for 199 gold pieces
 32311 | Bazaar   | Identified the +1 pair of boots of Beyond {Str-4 Int+9}
                  | (You bought it in a shop in a bazaar)
 32318 | Bazaar   | Bought an uncursed ring of protection from fire for 300
                  | gold pieces
 32323 | Bazaar   | Bought a book of the Tempests for 1120 gold pieces
 32407 | D:13     | Reached XP level 16. HP: 79/108 MP: 1/27
 32632 | D:13     | Received a gift from Nemelex Xobeh
 32820 | D:13     | Noticed Urug
 32820 | D:13     | Urug changed into Urug the jumping spider
 32835 | D:13     | Killed Urug the jumping spider
 33032 | D:13     | Noticed Josephine
 33061 | D:13     | Killed Josephine
 33486 | D:13     | Reached skill level 13 in Air Magic
 33670 | D:13     | Noticed Jorgrun
 33694 | D:13     | Killed Jorgrun
 34052 | D:14     | Reached ****** piety under Nemelex Xobeh
 34198 | D:14     | Received a gift from Nemelex Xobeh
 34427 | D:14     | Learned a level 9 spell: Tornado
 34639 | D:14     | Received a gift from Nemelex Xobeh
 35187 | D:15     | Entered Level 15 of the Dungeon
 35536 | D:15     | Received a gift from Nemelex Xobeh
 35539 | D:15     | Identified the +10 hand axe of Blood-Lust {vorpal, Int+4}
                  | (You found it on level 13 of the Dungeon)
 36152 | D:15     | Found a staircase to the Depths.
 36350 | D:15     | Received a gift from Nemelex Xobeh
 36920 | Orc:1    | Entered Level 1 of the Orcish Mines
 37259 | Orc:2    | Entered Level 2 of the Orcish Mines
 37293 | Orc:2    | Reached XP level 17. HP: 80/114 MP: 29/29
 37329 | Orc:2    | Identified the -1 long sword "Nuice" {drain, Will+ Int+6
                  | Dex+4}
 37388 | Orc:2    | Found a gate leading to a gauntlet.
 37420 | Gauntlet | Entered a Gauntlet
 37420 | Gauntlet | Found a transporter.
 37557 | Gauntlet | Found a transporter.
 37569 | Gauntlet | Found a transporter.
 37573 | Gauntlet | Found a transporter.
 37591 | Gauntlet | Found a transporter.
 37603 | Gauntlet | Found a transporter.
 37610 | Gauntlet | Found a transporter.
 37611 | Gauntlet | Found a transporter.
 37632 | Gauntlet | Found a transporter.
 37650 | Gauntlet | Found a transporter.
 37654 | Gauntlet | Found a transporter.
 37656 | Gauntlet | Found a runed translucent door.
 37658 | Gauntlet | Found a runed translucent door.
 37662 | Gauntlet | Found a transporter.
 37816 | Gauntlet | Got a clouded bone ring
 37945 | Gauntlet | Reached skill level 10 in Fighting
 38100 | Gauntlet | Got a scorched ivory ring
 38111 | Gauntlet | Identified the ring "Xemucipp" {rPois rF++ Str+4 Dex-4}
                  | (You found it in a Gauntlet)
 38113 | Gauntlet | Identified the ring "Lanajus" {Ice Will+} (You found it in
                  | a Gauntlet)
 38156 | Gauntlet | Identified the cursed +1 whip of Causality {vorpal, rElec}
 38670 | Orc:2    | Found a staircase to the Elven Halls.
 38789 | Orc:2    | Found Lofuxos's Assorted Antiques.
 38793 | Orc:2    | Bought a scroll labelled KECSEI GUUBUTY for 34 gold pieces
 38794 | Orc:2    | Bought a scroll of identify for 68 gold pieces
 38911 | Orc:2    | Found Piruoph's Antique Armour Shop.
 38912 | Orc:2    | Found Roluamp's Antique Weapon Boutique.
 38914 | Orc:2    | Found Townadi's General Store.
 38914 | Orc:2    | Found Muddav's Book Shop.
 38931 | Orc:2    | Bought a potion of curing for 36 gold pieces
 38931 | Orc:2    | Bought a scroll of enchant armour for 90 gold pieces
 38931 | Orc:2    | Bought a potion of curing for 36 gold pieces
 38931 | Orc:2    | Bought a potion of curing for 36 gold pieces
 38931 | Orc:2    | Bought a scroll of remove curse for 36 gold pieces
 38931 | Orc:2    | Bought a scroll of identify for 24 gold pieces
 38931 | Orc:2    | Bought a scroll of remove curse for 36 gold pieces
 39524 | Orc:2    | Bought a runed cloak for 217 gold pieces
 39524 | Orc:2    | Bought a pair of embroidered boots for 217 gold pieces
 39776 | Snake:1  | Entered Level 1 of the Snake Pit
 39922 | Snake:1  | Received a gift from Nemelex Xobeh
 40121 | Snake:1  | Found Deusm's Armour Emporium.
 40700 | Snake:1  | Found an opulent altar of Gozag.
 40869 | Snake:1  | HP: 4/115 [naga sharpshooter/bolt (13)]
 41370 | Snake:1  | Found Deusm's Armour Emporium.
 41788 | Snake:1  | Found an opulent altar of Gozag.
 41901 | Snake:2  | Noticed Saint Roka
 44292 | Snake:1  | Killed Saint Roka
 44616 | Snake:2  | Noticed Vashnia
 44650 | Snake:2  | Reached XP level 18. HP: 122/122 MP: 13/30
 44700 | Snake:2  | Received a gift from Nemelex Xobeh
 45089 | Snake:2  | Killed Vashnia
 46298 | Snake:3  | Received a gift from Nemelex Xobeh
 46305 | Snake:3  | Found Cosirisi's Weapon Boutique.
 47662 | Snake:4  | Entered Level 4 of the Snake Pit
 49822 | Snake:4  | Received a gift from Nemelex Xobeh
 50347 | Snake:4  | Found Cejar's Antique Weapon Shoppe.
 50415 | Snake:4  | Reached skill level 14 in Air Magic
 52079 | Snake:4  | Killed from afar by a nagaraja

Illustrated notes

Levels and vault maps discovered:
D:1:      minmay_arrival_widening_spiral_wide, layout_rooms
D:2:      layout_basic, chequers_mini_garden, uniq_sigmund,
          uniq_crazy_yiuf_cottage
D:3:      layout_basic, guppyfry_early_lair_pool
D:4:      layout_cave_pools, gup_sewer_entry_bowl, minmay_statues_item,
          uniq_grinder, uniq_duvessa, uniq_pikel
D:5:      layout_rooms, nemelex_altar_shiori, minivault_24
D:6:      layout_rooms, uniq_prince_ribbit1
D:7:      layout_loops_ring, temple_statues, feat_on_display
D:8:      layout_basic, chequers_temple_overflow_statue_of_worship,
          serial_corexii_hall, corexii_hall_statues_l, corexii_hall_statues_i,
          uniq_maggie
D:9:      due_megacathedral, layout_stronghold, basic_altar, lemuel_tele_altar,
          uniq_harold, uniq_joseph, uniq_grum
D:10:     layout_basic, ebering_ghost_funeral_grove, serial_shops, shop,
          roderic_lattice_a
D:11:     layout_basic, erik_lair_island, led_sif_book
D:12:     layout_stronghold, orc_0_dummy
D:13:     layout_rooms, david_vaults_3, serial_shops, bzr_entry_dummy,
          nicolae_trove_entry_crossroad, einodemon_barbed_minivault,
          uniq_jorgrun, uniq_nessos, uniq_josephine
D:14:     layout_roguey, minmay_misc_feat_rows
D:15:     hangedman_depths_entry_try_elsewhere_first, layout_irregular_city,
          serial_glass, glass_columns_a, glass_columns_a, skrybe_limestone_x
Lair:1:   layout_hall_layers, guppyfry_lair_drakes, lemuel_fruit_tree
Lair:2:   layout_gridlike, minmay_snake_entry_guardpost_medium
Lair:3:   layout_gridlike, kennysheep_catoblepas_arena
Lair:4:   layout_gridlike, swamp_mist, portal_ice_cave_entry_imps, worms_lemuel
Lair:5:   layout_cave_pods, uniq_rupert
Lair:6:   minmay_lair_end_enchanted_forest, layout_cave_shapes,
          minmay_slime_entry_pillars, serial_bayou_shore_b, grunt_megastairs_4,
          serial_bayou_shore_b
Snake:1:  layout_rooms, serial_shops, shop, basic_altar
Snake:2:  layout_onion_interference, nicolae_snake_salamander_stairs,
          uniq_vashnia, uniq_saint_roka
Snake:3:  layout_cave_town, serial_shops, nicolae_shop_window_shopping
Snake:4:  snake_pit, layout_cave_town, serial_shops, nicolae_shop_statue_plus
Orc:1:    layout_caves
Orc:2:    st_orc_congregation, layout_caves, gauntlet_entry_generic,
          serial_shops, nicolae_shop_stone, uniq_urug

Skill      XL: |  1  2  3  4  5  6  7  8  9 10 11 12 13 14 15 16 17 18 |
---------------+-------------------------------------------------------+-----
Armour         | 1 2 3 4 5 6 7 8 9 10 11 12 | 12.5
Fighting       | 1 2 3 4 5 6 7 8 9 10 | 10.9
Spellcasting   | 2 3 4 5 6 7 8 9 |  9.3
Air Magic      | 4 6 8 9 10 11 12 13 14 | 14.1
Dodging        | 3 4 6 7 8 9 10 11 12 | 12.7
Long Blades    | 3 4 6 7 9 10 11 12 13 | 13.2
Invocations    | 3 5 6 7 8 9 |  9.4
Evocations     | 3 4 5 7 8 |  8.8
Shields        | 2 5 |  5.6
Stealth        | |  2.1
Conjurations   | |  0.7

Action                   |  1- 3 |  4- 6 |  7- 9 | 10-12 | 13-15 | 16-18 || total
-------------------------+-------+-------+-------+-------+-------+-------++-------
Melee: Unarmed           |    71 |       |       |       |       |       ||    71
       Dagger            |   101 |   266 |   504 |   559 |    48 |       ||  1478
       Falchion          |       |       |       |   313 |  1178 |   824 ||  2315
       War axe           |       |       |       |       |    58 |       ||    58
       Short sword       |       |       |       |       |   111 |       ||   111
       Scimitar          |       |       |       |       |       |   810 ||   810
Throw: Dart              |    25 |       |       |    13 |     1 |       ||    39
       Boomerang         |       |       |    28 |       |       |       ||    28
 Cast: Shock             |     4 |       |     6 |       |       |       ||    10
       Airstrike         |       |       |    15 |   197 |   250 |   395 ||   857
Invok: Draw Destruction  |       |       |       |       |     5 |    22 ||    27
       Draw Summoning    |       |       |       |       |     1 |     9 ||    10
       Draw Escape       |       |       |       |       |       |     4 ||     4
Evoke: Wand              |       |       |       |     1 |     5 |    32 ||    38
       Phial of floods   |       |       |       |       |       |     2 ||     2
       Box of beasts     |       |       |       |       |       |     1 ||     1
       Condenser vane    |       |       |       |       |       |     1 ||     1
  Use: Scroll            |       |     5 |     6 |    12 |    16 |    10 ||    49
       Potion            |       |       |       |     5 |     5 |     5 ||    15
 Stab: Sleeping          |     1 |     1 |     2 |       |     1 |       ||     5
       Petrified         |       |       |       |       |     7 |       ||     7
       Paralysed         |       |       |       |       |       |     4 ||     4
       Distracted        |       |       |       |       |       |     1 ||     1
Armor: Quicksilver drago |    88 |   154 |   217 |   451 |   570 |   665 ||  2145
       Scale mail        |       |       |       |       |    84 |       ||    84
Dodge: Dodged            |   147 |   278 |   341 |  1030 |  1988 |  1293 ||  5077
Block: Buckler           |       |       |       |       |   285 |   692 ||   977
       Reflection        |       |       |       |       |       |    70 ||    70
       Rpst.: Falchion   |       |       |       |    92 |   425 |   177 ||   694
       Scimitar          |       |       |       |       |       |   121 ||   121
